 Dungeon Crawl Stone Soup version 0.23.2-33-g5129a83184 (webtiles) character file.

Game seed: 6526040579929915279

91021 H0rd4k the Eclecticist (level 15, -5/72 HPs)
             Began as a Deep Elf Wizard on July 15, 2019.
             Was the Champion of Sif Muna.
             Slain by a spark wasp (8 damage)
             ... on level 3 of the Spider Nest on July 17, 2019.
             The game lasted 02:56:10 (33773 turns).

H0rd4k the Eclecticist (Deep Elf Wizard)           Turns: 33773, Time: 02:56:11

Health: -5/72      AC: 12    Str:  4    XL:     15   Next: 53%
Magic:  14/50      EV: 15    Int: 43    God:    Sif Muna [******]
Gold:   1425       SH:  0    Dex: 13    Spells: 9/54 levels left

rFire    + . .     SeeInvis +   B - staff of air
rCold    x . .     Gourm    .   (no shield)
rNeg     + + .     Faith    .   b - +2 robe of Inaction {MR- Regen+ Str-5 Int+10}
rPois    .         Spirit   .   u - +2 hat
rElec    +         Reflect  .   E - +2 cloak "Tuima" {rF+ rC- rN++ SInv}
rCorr    .         Harm     .   (no gloves)
MR       .....                  e - +2 pair of boots
Stlth    +.........             X - amulet of magic regeneration
HPRegen  0.62/turn              g - ring of Xom's Malicious Joy {Str+3 Int+5}
MPRegen  0.57/turn              i - ring of magical power

@: confused, deflect missiles
A: no striking features
a: Divine Energy, Channel Magic, Forget Spell, Renounce Religion


You were on level 3 of the Spider Nest.
You worshipped Sif Muna.
Sif Muna was exalted by your worship.
You were not hungry.

You visited 5 branches of the dungeon, and saw 27 of its levels.
You also visited: Sewer and Volcano.

You collected 3194 gold pieces.
You spent 1769 gold pieces at shops.

Inventory:

Hand Weapons
 v - a +4 dagger of piercing
Armour
 b - the +2 robe of Inaction (worn) {MR- Regen+ Str-5 Int+10}
   (You found it on level 7 of the Dungeon)

   It affects your strength (-5).
   It affects your intelligence (+10).
   It affects your resistance to hostile enchantments.
   It increases your rate of regeneration.
 e - a +2 pair of boots (worn)
 u - a +2 hat (worn)
 E - the +2 cloak "Tuima" (worn) {rF+ rC- rN++ SInv}
   (You found it on level 4 of the Dungeon)

   It protects you from fire.
   It makes you vulnerable to cold.
   It greatly protects you from negative energy.
   It lets you see invisible.
Magical Staves
 k - an uncursed staff of wizardry
 B - an uncursed staff of air (weapon)
 C - an uncursed staff of summoning
 J - an uncursed staff of cold
Jewellery
 g - the ring of Xom's Malicious Joy (left hand) {Str+3 Int+5}
   (You acquired it on level 6 of the Lair of Beasts)

   [ring of intelligence]

   It affects your strength (+3).
   It affects your intelligence (+5).
 i - a ring of magical power (right hand)
 o - an uncursed amulet of the gourmand
 r - an uncursed ring of stealth
 K - a +2 ring of dexterity {unknown}
 N - an uncursed ring of resist corrosion
 X - an amulet of magic regeneration (around neck)
Wands
 n - a wand of disintegration (19)
 s - a wand of iceblast (30)
 w - a wand of paralysis (8)
 y - a wand of flame (34)
 F - a wand of scattershot (5)
 H - a wand of random effects (43)
 R - a wand of digging (4)
 S - a wand of enslavement (19)
 T - a wand of polymorph (19)
Scrolls
 a - 11 scrolls of identify
 l - 4 scrolls of enchant weapon
 m - 7 scrolls of magic mapping
 q - 9 scrolls of remove curse
 t - 6 scrolls of teleportation
 x - 6 scrolls of amnesia
 A - 4 scrolls of fear
 P - 2 scrolls of blinking
 Q - a scroll of enchant armour
Potions
 c - 2 potions of flight
 f - 3 potions of haste
 h - 2 potions of resistance
 p - 5 potions of curing
 z - 2 potions of brilliance
 G - 3 potions of invisibility
 I - a potion of berserk rage
 M - 2 potions of ambrosia
 O - 2 potions of heal wounds
 U - a potion of agility
Miscellaneous
 j - a phial of floods
 D - a fan of gales
 Y - a crystal ball of energy
Comestibles
 d - 53 rations


   Skills:
 + Level 5.9 Dodging
 + Level 4.9 Stealth
 + Level 20.1 Spellcasting
 + Level 13.8 Conjurations
 + Level 5.8 Hexes
 + Level 8.9 Charms
 + Level 10.7 Summonings
 + Level 4.3 Translocations
 + Level 6.3 Fire Magic
 + Level 5.7 Ice Magic
 + Level 8.3 Air Magic
 + Level 3.5 Invocations
 + Level 4.6 Evocations


You had 9 spell levels left.
You knew the following spells:

 Your Spells              Type           Power        Failure   Level  Hunger
a - Magic Dart            Conj           ####         0%          1    None
b - Blink                 Tloc           N/A          1%          2    None
c - Conjure Flame         Conj/Fire      #######.     1%          3    None
d - Summon Lightning Spi  Summ/Air       ########     1%          4    None
e - Deflect Missiles      Chrm/Air       ########..   2%          6    None
f - Bolt of Fire          Conj/Fire      #######...   1%          6    None
g - Spellforged Servitor  Conj/Summ      #######...   2%          7    None
h - Iskenderun's Battles  Conj/Chrm      #######.     1%          5    None
i - Shroud of Golubria    Chrm/Tloc      #######...   1%          2    None
j - Summon Guardian Gole  Hex/Summ       #######.     1%          3    None
k - Freezing Cloud        Conj/Ice/Air   ########..   1%          6    None

Your spell library contained the following spells:

 Spells                   Type           Power        Failure   Level  Hunger
 Infusion                 Chrm           ####         0%          1    None
 Summon Butterflies       Summ           #######.     0%          1    None
 Summon Small Mammal      Summ           ####         0%          1    None
 Call Imp                 Summ           #######.     0%          2    None
 Static Discharge         Conj/Air       ########     0%          3    None
 Confusing Touch          Hex            ######       1%          1    None
 Freeze                   Ice            ####         1%          1    None
 Sting                    Conj/Pois      ####         1%          1    None
 Corpse Rot               Necr           N/A          1%          2    None
 Slow                     Hex            #######.     1%          2    None
 Song of Slaying          Chrm           #######.     1%          2    None
 Call Canine Familiar     Summ           #######.     1%          3    None
 Gell's Gravitas          Tloc           ######....   1%          3    None
 Inner Flame              Hex/Fire       #######.     1%          3    None
 Lesser Beckoning         Tloc           ######....   1%          3    None
 Mephitic Cloud           Conj/Pois/Air  ########     1%          3    None
 Regeneration             Chrm/Necr      ######....   1%          3    None
 Spectral Weapon          Hex/Chrm       #######.     1%          3    None
 Stone Arrow              Conj/Erth      ######       1%          3    None
 Teleport Other           Tloc           ######..     1%          3    None
 Cause Fear               Hex            #######...   1%          4    None
 Fulminant Prism          Conj/Hex       #######...   1%          4    None
 Iskenderun's Mystic Bla  Conj           ########     1%          4    None
 Leda's Liquefaction      Hex/Erth       ######....   1%          4    None
 Passage of Golubria      Tloc           N/A          1%          4    None
 Sticky Flame             Conj/Fire      #######.     1%          4    None
 Summon Ice Beast         Ice/Summ       #######.     1%          4    None
 Bolt of Draining         Conj/Necr      #######...   1%          5    None
 Bolt of Magma            Conj/Fire/Erth #######...   1%          5    None
 Irradiate                Conj/Tmut      #######...   1%          5    None
 Metabolic Englaciation   Hex/Ice        #######...   1%          5    None
 Silence                  Hex/Air        ########..   1%          5    None
 Summon Demon             Summ           #######...   1%          5    None
 Summon Forest            Summ/Tloc      #######...   1%          5    None
 Summon Mana Viper        Hex/Summ       #######.     1%          5    None
 Venom Bolt               Conj/Pois      #######...   1%          5    None
 Bolt of Cold             Conj/Ice       #######...   1%          6    None
 Shadow Creatures         Summ           N/A          1%          6    None
 Orb of Destruction       Conj           ########..   1%          7    None
 Excruciating Wounds      Chrm/Necr      ######....   2%          5    None
 Yara's Violent Unravell  Hex/Tmut       ######....   4%          5    None
 Iron Shot                Conj/Erth      #######...   4%          6    None
 Poison Arrow             Conj/Pois      #######...   4%          6    None
 Summon Hydra             Summ           #######...   5%          7    None
 Darkness                 Hex            #######...   8%          6    None
 Ozocubu's Refrigeration  Ice            #######...   8%          6    None
 Ring of Flames           Chrm/Fire      #######...   19%         7    None
 Chain Lightning          Conj/Air       ########..   34%         8    None
 Hydra Form               Tmut           #####.....   61%         6    None
 Statue Form              Tmut/Erth      #####....    61%         6    None
 Lehudib's Crystal Spear  Conj/Erth      #######...   89%         8    None
 Ignition                 Fire           #######...   94%         8    None
 Discord                  Hex            #######...   97%         8    None
 Dragon Form              Tmut           #####.....   99%         7    None
 Death's Door             Chrm/Necr      ######....   99%         8    None
 Fire Storm               Conj/Fire      #######...   100%        9    ####...
 Glaciate                 Conj/Ice       #######...   100%        9    ####...


Dungeon Overview and Level Annotations

Branches:
Dungeon (14/15)            Temple (1/1) D:4            Lair (6/6) D:8
  Swamp (0/4) Lair:2       Spider (4/4) Lair:3        Slime (0/5) Lair:6
    Orc (2/2) D:9             Elf (0/3) Orc:2        Vaults (0/5) D:14

Altars:
Ashenzari
Cheibriados
Dithmenos
Elyvilon
Fedhas
Gozag
Hepliaklqana
Makhleb
Nemelex Xobeh
Okawaru
Qazlal
Ru
Sif Muna
Trog
Uskayaw
Vehumet
Wu Jian
Xom
Yredelemnul
Zin
The Shining One
Beogh
Jiyva

Shops:
D:4 }   D:11 }   Orc:2 :*%:

Annotations:
D:6 exclusion: zombie
D:7 exclusion: downstairs
D:8 exclusion: downstairs
D:9 exclusion: downstairs
D:12 exclusion: downstairs
Lair:2 exclusion: 2 downstairs
Lair:3 exclusion: 2 downstairs
Lair:5 exclusion: 2 downstairs


Message History

Casting: Bolt of Fire (safe; 1% risk of failure)
Confirm with . or Enter, or press ? or * to list all spells.
Aiming: Bolt of Fire (safe; 1% risk of failure)
Press: ? - help, Shift-Dir - straight line, f/p - spark wasp
Aim: a spark wasp (heavily wounded)
The bolt of fire hits the tarantella!!
The tarantella is almost dead.
The bolt of fire misses the spark wasp.
The tarantella bites you but does no damage.
The tarantella bites you!
* * * LOW HITPOINT WARNING * * *
You are confused.
You're too confused to cast spells.
You barely miss the tarantella.
The tarantella is almost dead.
The tarantella bites you.
* * * LOW HITPOINT WARNING * * *
The spark wasp completely misses you. The tarantella closely misses you.
The spark wasp stings you!
You die...

###..#.## #..#.# #####...#
#...#..# ###...## ##..###.##
####....# #......###..##.###.
#..^...## #..##..##....#..#..
##....#### #####..##..#..#^....
^..##..#.# ##.#^#..#...#^.#....#
#..#)...†####..........###....#..
.>#####..#.####...#..###.....####
..#...##.....#.y@.#.#####.#..#.#.
####..##..#....s#.###.#.###..#...
..#......####...###.#....##..#...
....#.....##...###.......#..^..##
##..###.#.###...###†.###.###....#
....<.######>.####.....####..####
.......# #....#....##.######...#.
.#.#..## ##......8#####..#(......
.###..## #..#.<.###.#.##....^##..


You could see a spark wasp and a tarantella.

Vanquished Creatures
  An orc warlord (Orc:2)
  2 emperor scorpions (Spider:3)
  2 entropy weavers (Spider:1)
  A spark wasp (Spider:3)
  3 hydras
  A merfolk avatar (Lair:6)
  A vault guard (D:14)
  Erolcha (D:10)
  Erica (D:9)
  2 ogre magi (Orc:2)
  9 two-headed ogres
  A centaur warrior (D:14)
  5 death yaks (Lair:6)
  A hell knight (Volcano)
  An unseen horror (D:13)
  A deep troll (Orc:2)
  2 necromancers (D:14)
  A harpy (Lair:6)
  2 orc knights
  2 wizards (D:14)
  7 ugly things
  6 orb spiders
  An orc sorcerer (Orc:1)
  7 wolf spiders
  5 cyclopes
  A deep elf mage (D:13)
  2 molten gargoyles (Volcano)
  3 elephants (Lair:6)
  A torpor snail (Lair:4)
  3 black mambas
  A smoke demon (Volcano)
  A gargoyle (D:12)
  7 spiny frogs
  8 demonic crawlers
  3 rime drakes
  4 komodo dragons
  A red devil (Volcano)
  A freezing wraith (D:14)
  10 jumping spiders
  4 trolls
  2 polar bears (Lair:6)
  2 wind drakes (Lair:6)
  4 hornets
  4 dream sheep (Lair:6)
  11 blink frogs
  A hippogriff (Lair:5)
  27 redbacks
  7 tarantellas
  12 humans (D:14)
  A water elemental (D:11)
  12 yaks
  3 basilisks
  A wyvern (Lair:6)
  A hungry ghost (D:14)
  2 fire bats (Volcano)
  A steam dragon (D:12)
  4 wargs
  Duvessa (D:5)
  A hell hound (Volcano)
  2 porcupines
  12 water moccasins
  A sky beast (D:14)
  3 ice beasts
  14 ogres
  2 black bears
  4 necrophages
  9 orc warriors
  A wolf (D:10)
  4 phantoms
  2 centaurs
  9 crocodiles
  3 big kobolds
  11 bullfrogs
  Dowan (D:5)
  A wyvern zombie (D:13)
  4 scorpions
  23 killer bees
  3 wights
  9 electric eels
  A lava snake (Volcano)
  A crimson imp (D:13)
  2 centaur zombies
  5 orc priests
  5 jellies
  8 hounds
  A bullfrog skeleton (D:5)
  A centaur skeleton (D:7)
  An iron imp (D:5)
  17 orc wizards
  Terence (D:2)
  3 iguanas
  11 worker ants
  A human simulacrum (D:12)
  2 hound zombies
  3 hound skeletons
  A howler monkey skeleton (D:11)
  11 adders
  4 river rats (D:3)
  5 shadow imps
  14 oozes
  8 worms
  4 dart slugs
  11 leopard geckos
  56 orcs
  9 bats
  23 giant cockroaches
  8 goblins (D:2)
  8 hobgoblins
  7 jackals
  21 kobolds
  3 quokkas
  12 ball pythons
  15 frilled lizards
  A jackal zombie (D:9)
  A leopard gecko skeleton (D:6)
  A quokka zombie (D:9)
  7 rats
624 creatures vanquished.

Vanquished Creatures (collateral kills)
  A vault guard (D:14)
  3 hydras
  A death yak (Lair:4)
  4 two-headed ogres
  A deep troll (Orc:2)
  3 wolf spiders
  2 orb spiders (Spider:2)
  A cyclops (Orc:2)
  3 ugly things
  4 elephants (Lair:6)
  2 black mambas
  A spiny frog (shapeshifter) (D:14)
  2 torpor snails
  7 spiny frogs
  A gargoyle (D:10)
  5 rime drakes
  5 komodo dragons
  4 demonic crawlers
  8 trolls
  A polar bear (Lair:4)
  2 red devils (Volcano)
  A jumping spider (Spider:2)
  A hippogriff (Lair:4)
  8 blink frogs
  3 hornets
  A dream sheep (Lair:6)
  11 yaks
  14 redbacks
  A tarantella (Spider:1)
  2 wyverns
  7 humans (D:14)
  A basilisk (Lair:1)
  Grum (D:13)
  A hungry ghost (D:9)
  2 wargs (D:8)
  8 porcupines
  A water moccasin (Lair:6)
  A swamp drake (D:9)
  An ice beast (D:11)
  13 orc warriors
  A necrophage (D:9)
  13 ogres
  2 centaurs
  10 wolves
  4 crocodiles
  4 big kobolds
  7 bullfrogs
  Blork the orc (D:4)
  A scorpion (Lair:3)
  16 wights
  28 killer bees
  2 crimson imps
  3 lava snakes (Volcano)
  A hound (D:8)
  A quasit (D:8)
  7 orc priests
  Crazy Yiuf (D:4)
  2 iguanas
  6 orc wizards
  4 worker ants
  A human simulacrum (D:12)
  An adder zombie (D:8)
  A worm (Lair:3)
  50 orcs
  A giant cockroach (Lair:3)
  9 kobolds
  A bush (D:9)
  A plant (D:11)
318 creatures vanquished.

Vanquished Creatures (others)
  A catoblepas (Lair:5)
  A two-headed ogre (Orc:2)
  A troll (Orc:2)
  An orc warrior (Orc:2)
  A sky beast (D:12)
  An ogre (Orc:1)
  A bush (D:9)
  8 fungi
  25 plants
40 creatures vanquished.

Grand Total: 982 creatures vanquished

Notes
Turn   | Place    | Note
-------+----------+-------------------------------------------
     0 | D:1      | H0rd4k the Deep Elf Wizard began the quest for the Orb.
     0 | D:1      | Reached XP level 1. HP: 10/10 MP: 7/7
   312 | D:1      | Reached XP level 2. HP: 15/15 MP: 2/9
   354 | D:1      | Reached skill level 5 in Spellcasting
  1203 | D:2      | Reached XP level 3. HP: 19/19 MP: 7/11
  1207 | D:2      | Learned a level 2 spell: Blink
  1211 | D:2      | Learned a level 3 spell: Conjure Flame
  1646 | D:2      | Noticed Terence
  1677 | D:2      | Reached XP level 4. HP: 22/24 MP: 6/13
  1696 | D:2      | Reached skill level 1 in Fire Magic
  2435 | D:3      | Reached skill level 6 in Spellcasting
  2686 | D:3      | Reached XP level 5. HP: 15/28 MP: 3/15
  2759 | D:3      | Found a glowing drain.
  2767 | Sewer    | Entered a sewer
  3323 | Sewer    | Reached skill level 7 in Spellcasting
  3405 | Sewer    | Reached XP level 6. HP: 32/32 MP: 4/18
  3960 | D:3      | You fall through a shaft for 3 floors!
  3961 | D:6      | Noticed an ice beast
  3969 | D:6      | Found a bloodstained altar of Trog.
  4264 | D:6      | Killed an ice beast
  4264 | D:6      | Reached XP level 7. HP: 36/36 MP: 4/20
  4442 | D:6      | Reached skill level 5 in Conjurations
  4761 | D:6      | Reached skill level 8 in Spellcasting
  5094 | D:5      | Entered Level 5 of the Dungeon
  5469 | D:5      | Reached skill level 9 in Spellcasting
  5501 | D:4      | Reached XP level 8. HP: 41/41 MP: 5/23
  5664 | D:4      | Found Mivetz's Gadget Emporium.
  5791 | D:4      | Noticed Blork the orc
  5860 | D:4      | Got a warped cloak
  5866 | D:4      | Identified the +2 cloak "Tuima" {rF+ rC- rN++ SInv} (You
                  | found it on level 4 of the Dungeon)
  6068 | D:4      | Found a staircase to the Ecumenical Temple.
  6077 | Temple   | Entered the Ecumenical Temple
  6086 | Temple   | Became a worshipper of Sif Muna the Loreminder
  6164 | D:4      | Found a glowing silver altar of Zin.
  6164 | D:4      | Found an opulent altar of Gozag.
  6474 | D:4      | Found a runed translucent door.
  6475 | D:4      | Noticed Crazy Yiuf
  6881 | D:2      | Killed Terence
  7159 | D:5      | Noticed Duvessa
  7168 | D:5      | Noticed Dowan
  7173 | D:5      | Killed Duvessa
  7179 | D:5      | Killed Dowan
  7615 | D:5      | Reached skill level 10 in Spellcasting
  7802 | D:5      | Reached * piety under Sif Muna
  8069 | D:5      | Found a snail-covered altar of Cheibriados.
  8469 | D:6      | Reached skill level 1 in Evocations
  8493 | D:6      | Learned a level 4 spell: Summon Lightning Spire
  8521 | D:7      | Found a shattered altar of Ashenzari.
  8521 | D:7      | Found a basalt altar of Yredelemnul.
  8521 | D:7      | Found a sparkling altar of Nemelex Xobeh.
  8538 | D:7      | Found a white marble altar of Elyvilon.
  8840 | D:7      | Reached XP level 9. HP: 35/45 MP: 3/25
  9175 | D:7      | Reached skill level 11 in Spellcasting
  9410 | D:7      | Found an ornate altar of the Wu Jian Council.
  9420 | D:7      | Got a heavy robe
  9431 | D:7      | Identified the +2 robe of Inaction {MR- Regen+ Str-5
                  | Int+10} (You found it on level 7 of the Dungeon)
  9431 | D:7      | Lost strength.
  9858 | D:8      | Reached ** piety under Sif Muna
 10025 | D:8      | Reached skill level 1 in Air Magic
 10152 | D:8      | Found a shadowy altar of Dithmenos.
 10605 | D:8      | Noticed a two-headed ogre
 10616 | D:8      | Killed a two-headed ogre
 10616 | D:8      | Reached skill level 12 in Spellcasting
 10619 | D:8      | Reached *** piety under Sif Muna
 11009 | D:8      | Reached XP level 10. HP: 50/50 MP: 17/28
 11026 | D:8      | Found a staircase to the Lair.
 11390 | D:8      | Found a stormy altar of Qazlal.
 11569 | D:9      | Noticed a two-headed ogre
 11687 | D:9      | Killed a two-headed ogre
 11687 | D:9      | Reached skill level 5 in Summonings
 12085 | D:9      | Found a staircase to the Orcish Mines.
 12101 | D:9      | Reached skill level 13 in Spellcasting
 12191 | D:9      | Reached **** piety under Sif Muna
 12254 | D:9      | Noticed Erica
 12270 | D:9      | Killed Erica
 12517 | D:9      | Found a blossoming altar of Fedhas.
 12639 | D:10     | Entered Level 10 of the Dungeon
 12693 | D:10     | Noticed a gargoyle
 12704 | D:10     | Killed a gargoyle
 12811 | D:10     | Noticed Erolcha
 12822 | D:10     | Killed Erolcha
 12822 | D:10     | Reached skill level 10 in Conjurations
 12906 | D:10     | Found a shimmering altar of Xom.
 12922 | D:10     | Found a shimmering altar of Xom.
 12934 | D:10     | Noticed Grum
 13130 | D:10     | Reached skill level 14 in Spellcasting
 13474 | D:10     | Reached XP level 11. HP: 54/54 MP: 21/31
 13609 | D:10     | Found a roughly hewn altar of Beogh.
 13820 | D:10     | Learned a level 6 spell: Deflect Missiles
 13904 | D:10     | Reached ***** piety under Sif Muna
 14177 | D:11     | Identified Sif Muna's Almanac of Igneous Bewitchment (Sif
                  | Muna gifted it to you on level 11 of the Dungeon)
 14177 | D:11     | Received a gift from Sif Muna
 14222 | D:11     | Reached skill level 1 in Charms
 14241 | D:11     | Noticed a two-headed ogre
 14250 | D:11     | Killed a two-headed ogre
 15055 | D:11     | Noticed a red ugly thing
 15070 | D:11     | Killed a red ugly thing
 15205 | D:11     | Found Jisi's Gadget Shop.
 15827 | D:4      | Killed Blork the orc
 15947 | D:4      | Killed Crazy Yiuf
 15980 | D:4      | Learned a level 5 spell: Bolt of Magma
 15989 | D:4      | Learned a level 7 spell: Spellforged Servitor
 15996 | D:4      | Learned a level 5 spell: Iskenderun's Battlesphere
 16138 | Lair:1   | Entered Level 1 of the Lair of Beasts
 16504 | Lair:1   | Noticed a five-headed hydra
 16512 | Lair:1   | Killed a five-headed hydra
 16512 | Lair:1   | Reached skill level 15 in Spellcasting
 16815 | Lair:1   | Received a gift from Sif Muna
 16965 | Lair:1   | Reached skill level 5 in Charms
 17163 | Lair:1   | Learned a level 2 spell: Shroud of Golubria
 17167 | Lair:1   | Learned a level 3 spell: Summon Guardian Golem
 17202 | Lair:1   | You fall through a shaft!
 17202 | Lair:2   | Found a staircase to the Swamp.
 17604 | Lair:2   | Noticed a five-headed hydra
 17612 | Lair:2   | Killed a five-headed hydra
 17612 | Lair:2   | Reached skill level 1 in Hexes
 17612 | Lair:2   | Reached skill level 1 in Invocations
 18251 | Lair:3   | Reached XP level 12. HP: 59/59 MP: 31/33
 18277 | Lair:3   | Noticed an eight-headed hydra
 18284 | Lair:3   | Killed an eight-headed hydra
 18384 | Lair:3   | Reached skill level 5 in Air Magic
 18600 | Lair:3   | Reached skill level 16 in Spellcasting
 18840 | Lair:3   | Found a hole to the Spider Nest.
 18840 | Lair:3   | Noticed a four-headed hydra
 19705 | Lair:3   | Killed a four-headed hydra
 19705 | Lair:3   | Identified Sif Muna's Incunabulum of Battle Magic (Sif Muna
                  | gifted it to you on level 3 of the Lair of Beasts)
 19705 | Lair:3   | Received a gift from Sif Muna
 19803 | Lair:4   | Noticed a death yak
 20704 | Lair:4   | Killed a death yak
 21361 | Lair:5   | Reached XP level 13. HP: 63/63 MP: 29/35
 21968 | Lair:6   | Entered Level 6 of the Lair of Beasts
 22475 | Lair:6   | Reached skill level 5 in Dodging
 22475 | Lair:6   | Reached skill level 17 in Spellcasting
 23060 | Lair:6   | Identified Sif Muna's Catalogue of Darkness and
                  | Confrontation (Sif Muna gifted it to you on level 6 of the
                  | Lair of Beasts)
 23060 | Lair:6   | Received a gift from Sif Muna
 23698 | Lair:6   | Learned a level 6 spell: Bolt of Fire
 23879 | Lair:6   | Identified a scroll of acquirement
 23882 | Lair:6   | Got a bound turquoise ring
 23884 | Lair:6   | Identified the ring of Xom's Malicious Joy {Str+3 Int+5}
                  | (You acquired it on level 6 of the Lair of Beasts)
 24314 | Lair:6   | Found a viscous altar of Jiyva.
 24315 | Lair:6   | Found a staircase to the Slime Pits.
 24971 | Orc:1    | Entered Level 1 of the Orcish Mines
 25100 | Orc:1    | Paralysed by an orc sorcerer for 6 turns
 25366 | Orc:1    | Found a dark tunnel.
 25371 | Volcano  | Entered a volcano
 25635 | Volcano  | Found a burning altar of Makhleb.
 25652 | Volcano  | Learned a level 6 spell: Freezing Cloud
 25662 | Volcano  | Reached skill level 18 in Spellcasting
 25737 | Volcano  | Reached skill level 5 in Hexes
 26217 | Orc:2    | Entered Level 2 of the Orcish Mines
 26343 | Orc:2    | Found a roughly hewn altar of Beogh.
 26456 | Orc:2    | Reached XP level 14. HP: 68/68 MP: 38/38
 26487 | Orc:2    | Identified Sif Muna's Volume of Creative Malediction (Sif
                  | Muna gifted it to you on level 2 of the Orcish Mines)
 26487 | Orc:2    | Received a gift from Sif Muna
 26597 | Orc:2    | Noticed an orc warlord
 26852 | Orc:2    | Found a staircase to the Elven Halls.
 26862 | Orc:2    | Reached skill level 10 in Summonings
 26868 | Orc:2    | Killed an orc warlord
 27083 | Orc:2    | Found Saefoor's Distillery.
 27203 | Orc:2    | Found Ydefus's Book Boutique.
 27207 | Orc:2    | Found Esuymag's Food Boutique.
 27209 | Orc:2    | Found Nuitt's Assorted Antiques.
 27218 | Orc:2    | Found Ziuprot's Book Shop.
 27322 | Orc:2    | Bought a black book for 555 gold pieces
 27349 | Orc:2    | Bought a book of Annihilations for 1214 gold pieces
 27765 | D:12     | Reached skill level 1 in Ice Magic
 29011 | D:13     | Reached skill level 19 in Spellcasting
 29263 | D:13     | Killed Grum
 29730 | D:14     | Reached skill level 5 in Fire Magic
 30224 | D:14     | Reached ****** piety under Sif Muna
 30224 | D:14     | Received a gift from Sif Muna
 30463 | D:14     | Found a gate to the Vaults.
 31009 | Spider:1 | Entered Level 1 of the Spider Nest
 31009 | Spider:1 | Noticed an entropy weaver
 31014 | Spider:1 | Killed an entropy weaver
 31168 | Spider:1 | Reached XP level 15. HP: 51/72 MP: 11/40
 31491 | Spider:1 | Reached skill level 5 in Ice Magic
 31799 | Spider:1 | Got a tattered robe
 31800 | Spider:1 | Identified the +2 robe of Monotheism {Dex+3 Stlth+} (You
                  | found it on level 1 of the Spider Nest)
 33268 | Spider:3 | Reached skill level 20 in Spellcasting
 33340 | Spider:3 | Identified Sif Muna's Handbook of Boosting Snow (Sif Muna
                  | gifted it to you on level 3 of the Spider Nest)
 33340 | Spider:3 | Received a gift from Sif Muna
 33758 | Spider:4 | Entered Level 4 of the Spider Nest
 33767 | Spider:4 | HP: 1/72 [spark wasp (4)]
 33773 | Spider:3 | HP: 3/72 [tarantella (5)]
 33773 | Spider:3 | Slain by a spark wasp

Skill      XL: |  1  2  3  4  5  6  7  8  9 10 11 12 13 14 15 |
---------------+----------------------------------------------+-----
Spellcasting   | 5 6 7 9 10 12 14 15 16 18 19 20 | 20.1
Conjurations   | 2 3 4 6 8 9 10 11 12 13 | 13.8
Fire Magic     | 1 2 3 5 6 |  6.3
Stealth        | 3 4 |  4.9
Dodging        | 3 4 5 |  5.9
Translocations | 2 3 4 |  4.3
Evocations     | 1 3 4 |  4.6
Summonings     | 4 6 7 8 9 10 | 10.7
Air Magic      | 2 3 4 6 7 8 |  8.3
Charms         | 5 8 |  8.9
Hexes          | 1 2 5 |  5.8
Invocations    | 1 3 |  3.5
Ice Magic      | 4 5 |  5.7

Action                   |  1- 3 |  4- 6 |  7- 9 | 10-12 | 13-15 || total
-------------------------+-------+-------+-------+-------+-------++-------
Melee: Staff             |       |       |       |     5 |     3 ||     8
       Unarmed           |       |       |       |       |     1 ||     1
 Cast: Magic Dart        |   113 |   229 |   490 |   683 |   291 ||  1806
       Blink             |       |     1 |     6 |    28 |    18 ||    53
       Conjure Flame     |       |     4 |    32 |    36 |    16 ||    88
       Summon Lightning  |       |       |    15 |   109 |   117 ||   241
       Iskenderun's Batt |       |       |       |    36 |    67 ||   103
       Summon Guardian G |       |       |       |    23 |    62 ||    85
       Shroud of Golubri |       |       |       |     1 |     4 ||     5
       Bolt of Fire      |       |       |       |       |   225 ||   225
       Spellforged Servi |       |       |       |       |    21 ||    21
       Freezing Cloud    |       |       |       |       |     6 ||     6
       Deflect Missiles  |       |       |       |       |     1 ||     1
Invok: Divine Energy     |       |       |       |     1 |       ||     1
       Stop Divine Energ |       |       |       |     1 |       ||     1
Evoke: Wand              |       |     1 |     8 |     2 |     9 ||    20
  Use: Potion            |       |     3 |     1 |     2 |     3 ||     9
       Scroll            |       |       |    11 |    12 |    12 ||    35
  Eat: Chunk             |     2 |     7 |    15 |    30 |    17 ||    71
       Ration            |       |       |     2 |     1 |     6 ||     9
Armor: Robe              |    14 |    13 |    21 |    38 |    51 ||   137
Dodge: Dodged            |    22 |    52 |   102 |   129 |   137 ||   442
       Deflected         |       |       |       |       |    12 ||    12
